 Dungeon Crawl Stone Soup version 0.31-a0-167-g1c394c0614 (webtiles) character file.

Game seed: 4821584402929639575

22063 qw the Cleaver (level 12, -2/77 HPs)
             Began as a Gargoyle Fighter on June 14, 2023.
             Was a High Priest of Okawaru.
             Slain by a jumping spider simulacrum (19 damage)
             ... on level 3 of the Lair of Beasts.
             The game lasted 00:06:02 (9994 turns).

qw the Cleaver (Gargoyle Fighter)                   Turns: 9994, Time: 00:06:03

Health: -2/77      AC: 33    Str: 23 (25) XL:     12   Next: 96%
Magic:  19/19      EV:  9    Int:  7 (9)  God:    Okawaru [*****.]
Gold:   495        SH:  6    Dex:  8 (9)  Spells: 11/11 levels left

rFire   . . .        B - +2 war axe (vamp)
rCold   . . .        c - +0 buckler
rNeg    + . .        j - +0 plate armour
rPois   inf          s - +0 helmet
rElec   +            f - +0 cloak
rCorr   .            w - +1 pair of gloves
SInv    +            o - +0 pair of boots
Will    .....        (no amulet) Stlth
                     k - +4 ring of slaying {mikee}
HPRegen 1.12/turn    g - ring of see invisible
MPRegen 0.16/turn

%: no passive effects
@: about to teleport, heroic
A: sickness immunity, AC +8, negative energy resistance 1, electricity
resistance, torment resistance 1, petrification resistance, regeneration 1
a: Renounce Religion, Heroism, Finesse, Duel


You were on level 3 of the Lair of Beasts.
You worshipped Okawaru.
Okawaru was extremely pleased with you.
You visited 2 branches of the dungeon, and saw 11 of its levels.
You also visited: Ossuary.

You collected 571 gold pieces.
You spent 76 gold pieces at shops.


Innate Abilities, Weirdness & Mutations

You are immune to sickness and miasma.
Your stone body is resilient. (AC +8)
You are immune to poison.
You resist negative energy. (rN+)
You are resistant to electric shocks. (rElec)
You are resistant to unholy torment.
You are immune to petrification.
Your natural rate of healing is unusually fast.


   Skills:
 - Level 10.2(15.2) Fighting
 + Level 12.8(17.8) Axes
 - Level 1.9(6.9) Throwing
 - Level 10.0(15.0) Armour
 - Level 2.0(7.0) Dodging
 - Level 6.0(11.0) Shields
 - Level 10.0 Invocations


You had 11 spell levels left.
You didn't know any spells.
Your spell library was empty.

Inventory:

Hand Weapons
 b - a +3 flail of holy wrath
 r - a +0 hand axe
 y - a +2 mace of holy wrath
 B - a +2 vampiric war axe (weapon)
Missiles
 a - a boomerang (quivered)
Armour
 c - a +0 buckler (worn)
 f - a +0 cloak (worn)
 j - a +0 plate armour (worn)
 o - a +0 pair of boots (worn)
 s - a +0 helmet (worn)
 v - +0 acid dragon scales
 w - a +1 pair of gloves (worn)
 E - a +5 chain mail of ponderousness
Jewellery
 g - a ring of see invisible (right hand)
 k - a +4 ring of slaying (left hand) {mikee}
 l - a ring of resist corrosion
 q - an amulet of guardian spirit
 x - a +6 ring of strength
 C - a ring of resist corrosion
Scrolls
 m - 6 scrolls of teleportation
 p - a scroll of identify
Potions
 d - 2 potions of might
 e - 2 potions of attraction
 h - a potion of heal wounds
 i - 4 potions of lignification
 n - 2 potions of mutation
 t - a potion of cancellation
 u - 5 potions of curing
 z - a potion of haste

Dungeon Overview and Level Annotations

Branches:
Dungeon (8/15)             Temple (0/1) D:7            Lair (3/5) D:8
  Swamp (0/4) Lair:2       Spider (0/4) Lair:3      Ossuary (visited)

Altars:
Fedhas
Nemelex Xobeh
Okawaru
Ru
Sif Muna
Uskayaw
Vehumet
Wu Jian
Xom
Zin
The Shining One

Shops:
D:2 [   D:3 [::

Annotations:
D:3 1 runed translucent door, qw's ghost, amateur GrHu
D:4 1 runed translucent door, Crazy Yiuf
Lair:2 3 runed translucent doors, qw's ghost, journeyman MiHu


Message History

You slash the jumping spider!
The jumping spider is moderately wounded.
The jumping spider pounces on you!
The jumping spider bites you but does no damage.
You hit the jumping spider.
You feel better.
The jumping spider is moderately wounded.
The jumping spider leaps! x2
You slash the jumping spider!
You feel better.
You kill the jumping spider!
Okawaru accepts your kill.
A freezing mist starts to gather...
A jumping spider simulacrum comes into view.
You throw a boomerang.
The boomerang barely misses the jumping spider simulacrum.
You slice the jumping spider simulacrum!!
The jumping spider simulacrum is severely damaged.
The jumping spider simulacrum pounces on you.
The jumping spider simulacrum freezes you!!
The jumping spider simulacrum bites you.
The jumping spider simulacrum freezes you!
You barely miss the jumping spider simulacrum.
The jumping spider simulacrum is severely damaged.
The jumping spider simulacrum pounces on you!
The jumping spider simulacrum freezes you!!
The jumping spider simulacrum closely misses you.
9993 ||| READING 7 scrolls of teleportation.
As you read the scroll of teleportation, it crumbles to dust.
You feel strangely unstable. The jumping spider barely misses you.
The jumping spider bites you but does no damage.
The jumping spider simulacrum pounces on you.
The jumping spider simulacrum freezes you!
The jumping spider simulacrum bites you but does no damage.
9994 ||| DRINKING 2 potions of heal wounds.
You feel much better.
The jumping spider leaps!
The jumping spider simulacrum barely misses you.
The jumping spider simulacrum bites you.
The jumping spider simulacrum freezes you!!
You die...

.##...P..######..#...#
##.....P.P########...#
## .......
...........###...##
.......
..................
.##.###
####...##.###.P...#
.######
##..P.......####..#.
.......
.........%..........
.......
.......Z?.......) .
.......
......0@.........#
P######
.................. ##
.............##...
..........#.......
........###.....
......... ..... #
..#.#.#.. ..>. #
##....#..


You could see a jumping spider simulacrum.

Vanquished Creatures
  Harold (Lair:1)
  A catoblepas (Lair:3)
  Erica (D:8)
  Sonja (Lair:1)
  Nergalle (Lair:1)
  A pharaoh ant (Lair:3)
  2 bog bodies (Lair:2)
  6 elephants (Lair:1)
  A black mamba (Lair:1)
  Maggie (D:6)
  3 cane toads
  4 rime drakes
  5 komodo dragons
  A hornet (D:8)
  12 blink frogs
  A jumping spider (Lair:3)
  Sigmund (D:2)
  3 wyverns
  Eustachio (D:5)
  2 basilisks
  22 yaks
  2 redbacks (Lair:3)
  4 steam dragons
  Menkaure (D:4)
  3 water moccasins
  A sky beast (D:7)
  A black bear (D:8)
  An orc warrior (D:6)
  3 ice beasts
  4 ogres
  3 centaurs
  2 kobold brigands (D:6)
  6 bullfrogs
  A gnoll sergeant (D:8)
  14 scorpions
  A crimson imp (D:6)
  2 human zombies (Ossuary)
  3 centaur zombies (Ossuary)
  A jelly (D:3)
  A gnoll bouda (D:7)
  2 hounds (D:6)
  7 orc priests
  Terence (D:1)
  2 sleepcaps
  4 scorpion zombies (Ossuary)
  Natasha (thrice) (D:4)
  7 orc wizards
  6 hell rats (Lair:2)
  3 mummies (Ossuary)
  6 gnolls
  5 adders
  2 white imps (D:6)
  An ufetubus (D:5)
  4 worms (D:2)
  2 dart slugs
  29 orcs
  A bat (D:1)
  8 endoplasms
  5 giant cockroaches
  4 gnoll zombies (Ossuary)
  10 goblins
  6 hobgoblins
  2 jackals (D:2)
  4 quokkas
  9 ball pythons
  3 frilled lizards
  2 goblin zombies (Ossuary)
  A hobgoblin zombie (Ossuary)
  8 kobolds
  A kobold zombie (Ossuary)
  2 orc zombies (Ossuary)
  6 rats
281 creatures vanquished.

Notes
Turn   | Place    | Note
-------+----------+-------------------------------------------
     0 | D:1      | qw the Gargoyle Fighter began the quest for the Orb.
     0 | D:1      | Reached XP level 1. HP: 14/14 MP: 1/1
     0 | D:1      | 0 ||| qw: Version: 0.2-a-29-g1fa15c8
     0 | D:1      | 0 ||| qw: Game counter: 5110
     0 | D:1      | 0 ||| qw: Always use a shield: true
     0 | D:1      | 0 ||| qw: God list: Okawaru
     0 | D:1      | 0 ||| qw: Allow faded altars: false
     0 | D:1      | 0 ||| qw: Do Orc after D:15 true
     0 | D:1      | 0 ||| qw: Do second Lair branch before Depths: true
     0 | D:1      | 0 ||| qw: Lair rune preference: random
     0 | D:1      | 0 ||| qw: Plans: Normal, Zot:1-4, Slime:5, God:TSO, Crypt,
                  | Tomb, Abyss, Pan, Hells, Win
     0 | D:1      | 0 ||| PLANNING D:1-11
    44 | D:1      | Reached skill level 2 in Axes
   122 | D:1      | 122 ||| Stepping ~*~*~tactically~*~*~ (stealth).
   123 | D:1      | 123 ||| Stepping ~*~*~tactically~*~*~ (stealth).
   144 | D:1      | Reached XP level 2. HP: 19/19 MP: 2/2
   383 | D:1      | 383 ||| UPGRADING to +0 cloak.
   390 | D:1      | Reached skill level 3 in Axes
   392 | D:1      | Reached XP level 3. HP: 23/23 MP: 3/3
   710 | D:1      | 710 ||| UPGRADING to +4 ring of slaying {mikee}.
   711 | D:1      | 711 ||| READING scroll labelled NAILUOH BEGU.
   817 | D:2      | Noticed Terence
   821 | D:2      | 821 ||| STAIRDANCE
   825 | D:1      | Killed Terence
   826 | D:1      | Reached XP level 4. HP: 22/28 MP: 4/4
   853 | D:1      | 853 ||| UPGRADING to +0 chain mail.
   863 | D:1      | 863 ||| DROPPING +0 scale mail.
   950 | D:2      | Reached skill level 4 in Axes
  1037 | D:2      | 1037 ||| Stepping ~*~*~tactically~*~*~ (stealth).
  1040 | D:2      | Noticed Sigmund
  1055 | D:2      | Killed Sigmund
  1056 | D:2      | Reached skill level 5 in Axes
  1056 | D:2      | Reached XP level 5. HP: 22/32 MP: 5/5
  1056 | D:2      | Reached XP level 6. HP: 25/37 MP: 6/6
  1110 | D:2      | 1110 ||| Stepping ~*~*~tactically~*~*~ (stealth).
  1401 | D:2      | Found Keninli's Antique Armour Emporium.
  1413 | D:2      | 1413 ||| BUYING helmet (76 gold).
  1413 | D:2      | Bought a helmet for 76 gold pieces
  1413 | D:2      | 1413 ||| SHOPLISTING pair of boots (76 gold, have 44).
  1446 | D:2      | 1446 ||| UPGRADING to +0 plate armour.
  1456 | D:2      | 1456 ||| DROPPING +0 chain mail.
  1457 | D:2      | 1457 ||| UPGRADING to +0 helmet.
  1462 | D:2      | 1462 ||| READING 2 scrolls labelled EMUIZE GICSU.
  1463 | D:2      | 1463 ||| READING 3 scrolls labelled HACALO VUMUAG.
  1468 | D:2      | 1468 ||| READING scroll labelled RAENEU GASMA.
  1469 | D:2      | 1469 ||| READING scroll labelled GOYCYIHAER.
  1470 | D:2      | 1470 ||| READING 2 scrolls labelled VITAETT ETIH.
  1471 | D:2      | 1471 ||| READING scroll labelled PIRGHI LAOH.
  1472 | D:2      | 1472 ||| READING scroll labelled WEFECO NASUMM.
  1473 | D:2      | 1473 ||| DRINKING 2 murky yellow potions.
  1474 | D:2      | 1474 ||| DROPPING scroll of poison.
  1511 | D:3      | Found Ihior's Antique Armour Shop.
  1521 | D:3      | 1521 ||| SHOPLISTING pair of boots (90 gold, have 62).
  1521 | D:3      | 1521 ||| SHOPLISTING pair of gloves (90 gold, have 62).
  1523 | D:3      | Found a runed translucent door.
  1523 | D:3      | Noticed qw's ghost (amateur GrHu)
  1629 | D:3      | 1629 ||| DROPPING +0 whip.
  1654 | D:3      | Found Kezeuzoh's Book Boutique.
  1665 | D:3      | 1665 ||| DRINKING potion of curing.
  1665 | D:3      | 1665 ||| (to cure confusion)
  1790 | D:3      | Found Vooferr's Book Shoppe.
  1848 | D:3      | 1848 ||| DROPPING +1 mace of protection.
  1974 | D:3      | Found Looteh's Book Shop.
  2060 | D:3      | Found an iron altar of Okawaru.
  2061 | D:3      | 2061 ||| PLANNING OKAWARU WORSHIP
  2061 | D:3      | 2061 ||| READING scroll labelled QUDEF YZUA.
  2062 | D:3      | 2062 ||| READING scroll labelled RORI ITRARCH.
  2063 | D:3      | 2063 ||| READING 3 scrolls of identify.
  2063 | D:3      | 2063 ||| IDENTIFYING red potion
  2064 | D:3      | 2064 ||| READING 2 scrolls of identify.
  2064 | D:3      | 2064 ||| IDENTIFYING ruby potion
  2069 | D:3      | Became a worshipper of Warmaster Okawaru
  2070 | D:3      | 2070 ||| PLANNING D:1-11
  2146 | D:3      | 2146 ||| DROPPING ring of flight.
  2175 | D:4      | 2175 ||| STAIRDANCE
  2178 | D:3      | Reached skill level 6 in Axes
  2249 | D:4      | Noticed Natasha
  2254 | D:4      | Killed Natasha
  2353 | D:4      | Noticed Menkaure
  2354 | D:4      | 2354 ||| Stepping ~*~*~tactically~*~*~ (hiding).
  2361 | D:4      | Killed Menkaure
  2362 | D:4      | Reached XP level 7. HP: 43/43 MP: 7/7
  2473 | D:4      | 2473 ||| Stepping ~*~*~tactically~*~*~ (stealth).
  2645 | D:4      | Noticed Natasha
  2646 | D:4      | 2646 ||| Stepping ~*~*~tactically~*~*~ (stealth).
  2651 | D:4      | Killed Natasha
  2722 | D:4      | Noticed Natasha
  2727 | D:4      | Killed Natasha
  3005 | D:4      | Found a runed translucent door.
  3006 | D:4      | Noticed Crazy Yiuf
  3034 | D:4      | Found the +8 trident of the Octopus King {venom, rElec
                  | rPois}
  3037 | D:4      | 3037 ||| Stepping ~*~*~tactically~*~*~ (hiding).
  3039 | D:4      | 3039 ||| Stepping ~*~*~tactically~*~*~ (hiding).
  3122 | D:4      | Reached * piety under Okawaru
  3123 | D:4      | Reached skill level 7 in Axes
  3232 | D:4      | 3232 ||| UPGRADING to +0 pair of boots.
  3237 | D:4      | 3237 ||| READING 3 scrolls of identify.
  3237 | D:4      | 3237 ||| IDENTIFYING lumpy brown potion
  3238 | D:4      | 3238 ||| READING 2 scrolls of identify.
  3238 | D:4      | 3238 ||| IDENTIFYING pink potion
  3239 | D:4      | 3239 ||| DROPPING potion of enlightenment.
  3268 | D:5      | Entered Level 5 of the Dungeon
  3274 | D:5      | Reached skill level 1 in Invocations
  3274 | D:5      | Reached XP level 8. HP: 46/48 MP: 7/9
  3329 | D:5      | Found a glowing golden altar of the Shining One.
  3400 | D:5      | 3400 ||| INVOKING Heroism.
  3404 | D:5      | Reached skill level 3 in Invocations
  3436 | D:5      | Found a shimmering altar of Xom.
  3464 | D:5      | 3464 ||| Stepping ~*~*~tactically~*~*~ (stealth).
  3470 | D:5      | Reached skill level 1 in Dodging
  3590 | D:5      | Found a glowing silver altar of Zin.
  3593 | D:5      | Noticed Eustachio
  3594 | D:5      | 3594 ||| INVOKING Heroism.
  3603 | D:5      | Killed Eustachio
  3674 | D:5      | Found an ornate altar of the Wu Jian Council.
  3873 | D:5      | Reached skill level 1 in Throwing
  3936 | D:5      | 3936 ||| READING scroll labelled JOLOMO OKAOKUNK.
  3969 | D:5      | 3969 ||| DRINKING 2 black potions.
  3969 | D:5      | Gained mutation: Your natural rate of healing is unusually
                  | fast. [potion of mutation]
  3970 | D:5      | 3970 ||| READING 2 scrolls of identify.
  3970 | D:5      | 3970 ||| IDENTIFYING dark potion
  3971 | D:5      | 3971 ||| DROPPING potion of berserk rage.
  4008 | D:6      | 4008 ||| Stepping ~*~*~tactically~*~*~ (hiding).
  4010 | D:6      | 4010 ||| Stepping ~*~*~tactically~*~*~ (hiding).
  4012 | D:6      | 4012 ||| Stepping ~*~*~tactically~*~*~ (hiding).
  4024 | D:6      | 4024 ||| INVOKING Heroism.
  4111 | D:6      | 4111 ||| INVOKING Heroism.
  4182 | D:6      | 4182 ||| INVOKING Heroism.
  4190 | D:6      | Reached skill level 8 in Axes
  4190 | D:6      | Reached XP level 9. HP: 53/54 MP: 9/12
  4237 | D:6      | 4237 ||| Stepping ~*~*~tactically~*~*~ (hiding).
  4240 | D:6      | 4240 ||| Stepping ~*~*~tactically~*~*~ (hiding).
  4241 | D:6      | 4241 ||| Stepping ~*~*~tactically~*~*~ (hiding).
  4242 | D:6      | 4242 ||| Stepping ~*~*~tactically~*~*~ (hiding).
  4243 | D:6      | 4243 ||| Stepping ~*~*~tactically~*~*~ (hiding).
  4409 | D:6      | 4409 ||| INVOKING Heroism.
  4410 | D:6      | 4410 ||| Stepping ~*~*~tactically~*~*~ (hiding).
  4411 | D:6      | 4411 ||| Stepping ~*~*~tactically~*~*~ (hiding).
  4417 | D:6      | Reached skill level 6 in Fighting
  4429 | D:6      | Noticed Maggie
  4448 | D:6      | 4448 ||| INVOKING Heroism.
  4451 | D:6      | Killed Maggie
  4514 | D:6      | 4514 ||| Stepping ~*~*~tactically~*~*~ (stealth).
  4588 | D:6      | Reached ** piety under Okawaru
  4589 | D:6      | Reached skill level 9 in Axes
  4661 | D:6      | 4661 ||| INVOKING Heroism.
  5276 | D:6      | 5276 ||| UPGRADING to +0 pair of gloves.
  5281 | D:6      | 5281 ||| DROPPING amulet of magic regeneration.
  5282 | D:6      | 5282 ||| UPGRADING to ring of see invisible.
  5283 | D:6      | 5283 ||| READING scroll labelled AREAZA EXTA.
  5389 | D:6      | 5389 ||| READING 2 scrolls of identify.
  5389 | D:6      | 5389 ||| IDENTIFYING brown potion
  5390 | D:6      | 5390 ||| DROPPING potion of brilliance.
  5450 | D:7      | 5450 ||| PLANNING OSSUARY
  5450 | D:7      | Found a staircase to the Ecumenical Temple.
  5511 | D:7      | Reached skill level 6 in Armour
  5576 | D:7      | 5576 ||| Stepping ~*~*~tactically~*~*~ (hiding).
  5613 | D:7      | 5613 ||| Stepping ~*~*~tactically~*~*~ (stealth).
  5614 | D:7      | 5614 ||| INVOKING Heroism.
  5838 | D:7      | 5838 ||| Stepping ~*~*~tactically~*~*~ (hiding).
  5842 | D:7      | 5842 ||| INVOKING Heroism.
  5854 | D:7      | 5854 ||| Stepping ~*~*~tactically~*~*~ (cloud).
  5912 | D:7      | Found a sand-covered staircase.
  5913 | D:7      | 5913 ||| DROPPING orb of light.
  5926 | D:7      | 5926 ||| Stepping ~*~*~tactically~*~*~ (hiding).
  5928 | D:7      | 5928 ||| Stepping ~*~*~tactically~*~*~ (hiding).
  5929 | D:7      | 5929 ||| Stepping ~*~*~tactically~*~*~ (hiding).
  5933 | D:7      | 5933 ||| INVOKING Heroism.
  5945 | Ossuary  | Entered an ossuary
  5994 | Ossuary  | 5994 ||| Stepping ~*~*~tactically~*~*~ (stealth).
  6011 | Ossuary  | Reached XP level 10. HP: 63/63 MP: 13/13
  6222 | Ossuary  | Reached skill level 10 in Axes
  6243 | Ossuary  | 6243 ||| READING scroll of enchant armour.
  6243 | Ossuary  | 6243 ||| ENCHANTING +0 pair of gloves.
  6244 | Ossuary  | 6244 ||| READING scroll labelled ZETYPY MELIXO.
  6245 | Ossuary  | 6245 ||| DRINKING 2 sedimented brown potions.
  6282 | D:7      | 6282 ||| PLANNING D:1-11
  6356 | D:7      | 6356 ||| Stepping ~*~*~tactically~*~*~ (hiding).
  6767 | D:8      | 6767 ||| INVOKING Heroism.
  6791 | D:8      | 6791 ||| Stepping ~*~*~tactically~*~*~ (stealth).
  6807 | D:8      | Reached *** piety under Okawaru
  6894 | D:8      | 6894 ||| Stepping ~*~*~tactically~*~*~ (stealth).
  6911 | D:8      | 6911 ||| Stepping ~*~*~tactically~*~*~ (stealth).
  6932 | D:8      | Found a blossoming altar of Fedhas.
  6967 | D:8      | Noticed Erica
  6968 | D:8      | 6968 ||| Stepping ~*~*~tactically~*~*~ (hiding).
  6973 | D:8      | 6973 ||| INVOKING Heroism.
  6979 | D:8      | Killed Erica
  7029 | D:8      | 7029 ||| Stepping ~*~*~tactically~*~*~ (stealth).
  7031 | D:8      | 7031 ||| Stepping ~*~*~tactically~*~*~ (hiding).
  7088 | D:8      | 7088 ||| INVOKING Heroism.
  7103 | D:8      | 7103 ||| Stepping ~*~*~tactically~*~*~ (cloud).
  7146 | D:8      | Found a staircase to the Lair.
  7147 | D:8      | 7147 ||| Stepping ~*~*~tactically~*~*~ (stealth).
  7354 | D:8      | Found a sacrificial altar of Ru.
  7383 | D:8      | Found a sparkling altar of Nemelex Xobeh.
  7386 | D:8      | Found a radiant altar of Vehumet.
  7389 | D:8      | Found a hide-covered altar of Uskayaw.
  7392 | D:8      | Found a shimmering blue altar of Sif Muna.
  7451 | D:8      | 7451 ||| INVOKING Heroism.
  7461 | D:8      | Reached **** piety under Okawaru
  7697 | D:8      | 7697 ||| PLANNING LAIR
  7697 | D:8      | 7697 ||| READING scroll labelled VOIREM VINONU.
  7788 | Lair:1   | Entered Level 1 of the Lair of Beasts
  7789 | Lair:1   | 7789 ||| INVOKING Heroism.
  7794 | Lair:1   | Reached XP level 11. HP: 60/68 MP: 11/14
  7797 | Lair:1   | Reached skill level 11 in Axes
  7822 | Lair:1   | 7822 ||| Stepping ~*~*~tactically~*~*~ (water).
  7831 | Lair:1   | 7831 ||| Stepping ~*~*~tactically~*~*~ (water).
  7842 | Lair:1   | Reached skill level 9 in Fighting
  7854 | Lair:1   | Reached ***** piety under Okawaru
  7861 | Lair:1   | Reached skill level 6 in Invocations
  7934 | Lair:1   | 7934 ||| INVOKING Heroism.
  7952 | Lair:1   | Reached skill level 9 in Armour
  7969 | Lair:1   | 7969 ||| INVOKING Heroism.
  8028 | Lair:1   | 8028 ||| INVOKING Heroism.
  8044 | Lair:1   | Noticed Harold
  8054 | Lair:1   | 8054 ||| INVOKING Heroism.
  8064 | Lair:1   | Killed Harold
  8183 | Lair:1   | 8183 ||| INVOKING Heroism.
  8216 | Lair:1   | Noticed Nergalle
  8219 | Lair:1   | 8219 ||| INVOKING Heroism.
  8228 | Lair:1   | Killed Nergalle
  8228 | Lair:1   | Received a gift from Okawaru
  8264 | Lair:1   | 8264 ||| Stepping ~*~*~tactically~*~*~ (stealth).
  8276 | Lair:1   | Reached XP level 12. HP: 76/76 MP: 18/18
  8590 | Lair:1   | Noticed Sonja
  8591 | Lair:1   | 8591 ||| Stepping ~*~*~tactically~*~*~ (hiding).
  8593 | Lair:1   | 8593 ||| Stepping ~*~*~tactically~*~*~ (hiding).
  8594 | Lair:1   | 8594 ||| Stepping ~*~*~tactically~*~*~ (hiding).
  8596 | Lair:1   | 8596 ||| INVOKING Finesse.
  8611 | Lair:1   | Killed Sonja
  8612 | Lair:1   | Reached skill level 12 in Axes
  8722 | Lair:1   | 8722 ||| READING scroll of enchant weapon.
  8722 | Lair:1   | 8722 ||| ENCHANTING +0 vampiric war axe.
  8884 | Lair:1   | 8884 ||| DROPPING orb of energy.
  8919 | Lair:2   | 8919 ||| INVOKING Heroism.
  8925 | Lair:2   | Reached skill level 9 in Invocations
  8956 | Lair:2   | 8956 ||| INVOKING Heroism.
  8989 | Lair:2   | 8989 ||| READING scroll of enchant weapon.
  8989 | Lair:2   | 8989 ||| ENCHANTING +1 vampiric war axe.
  9003 | Lair:2   | 9003 ||| INVOKING Heroism.
  9017 | Lair:2   | Reached skill level 6 in Shields
  9197 | Lair:2   | Found a staircase to the Swamp.
  9208 | Lair:2   | 9208 ||| INVOKING Heroism.
  9251 | Lair:2   | Found a runed translucent gate.
  9251 | Lair:2   | Found a runed translucent gate.
  9252 | Lair:2   | Found a runed translucent gate.
  9304 | Lair:2   | 9304 ||| INVOKING Heroism.
  9420 | Lair:2   | Noticed qw's ghost (journeyman MiHu)
  9672 | Lair:2   | 9672 ||| READING scroll labelled IKHLUO XONYZI.
  9773 | Lair:2   | 9773 ||| DRINKING 2 lumpy coppery potions.
  9774 | Lair:2   | 9774 ||| DRINKING 2 puce potions.
  9775 | Lair:2   | 9775 ||| READING 2 scrolls of identify.
  9775 | Lair:2   | 9775 ||| IDENTIFYING cyan potion
  9776 | Lair:2   | 9776 ||| DROPPING potion of ambrosia.
  9777 | Lair:2   | 9777 ||| DROPPING potion of degeneration.
  9837 | Lair:3   | 9837 ||| Stepping ~*~*~tactically~*~*~ (stealth).
  9838 | Lair:3   | 9838 ||| Stepping ~*~*~tactically~*~*~ (stealth).
  9844 | Lair:3   | Noticed a catoblepas
  9845 | Lair:3   | 9845 ||| INVOKING Heroism.
  9852 | Lair:3   | 9852 ||| INVOKING Finesse.
  9869 | Lair:3   | 9869 ||| INVOKING Heroism.
  9870 | Lair:3   | Killed a catoblepas
  9977 | Lair:3   | Found a hole to the Spider Nest.
  9978 | Lair:3   | 9978 ||| INVOKING Heroism.
  9984 | Lair:3   | 9984 ||| Stepping ~*~*~tactically~*~*~ (stealth).
  9992 | Lair:3   | HP: 17/77 [jumping spider simulacrum (20)]
  9993 | Lair:3   | 9993 ||| READING 7 scrolls of teleportation.
  9993 | Lair:3   | HP: 1/77 [jumping spider simulacrum (14)]
  9994 | Lair:3   | 9994 ||| DRINKING 2 potions of heal wounds.
  9994 | Lair:3   | Slain by a jumping spider simulacrum

Levels and vault maps discovered:
D:1:      tarquinn_simple_flora_water_a, layout_basic, nrook_uturn,
          minmay_misc_feat_cross, minmay_misc_feat_square, item_on_display_a
D:2:      layout_rooms, serial_shops, nicolae_shop_statue_plus,
          dk_noncrumbling_4, amcnicky_mini_rare_corridor_liquid, uniq_terence,
          uniq_sigmund
D:3:      layout_loops_ring, okawaru_trees_2, serial_shops, shop, shop, shop,
          nicolae_shop_statue_plus, hellmonk_ghost_happy_afterlife
D:4:      layout_loops_ring, uniq_natasha, uniq_menkaure,
          uniq_crazy_yiuf_cottage
D:5:      layout_loops_ring, nicolae_wu_jian_immortal_techniques,
          nicolae_overflow_crystal_walls, lemuel_coloured_pillars_altar,
          kennysheep_mini_moat, uniq_eustachio
D:6:      minmay_inner_zag, layout_basic, minmay_fire_ice_demons, uniq_maggie
D:7:      layout_loops_cross, minmay_temple_entry_arrows,
          lightli_ossuary_entry_decrepit_ruins, enter_bailey_3
D:8:      kennysheep_steamy, layout_basic, grunt_temple_overflow_cloverleaf,
          amcnicky_altar_gilded, nicolae_ru_path_of_blood, dpeg_oklobed_lair,
          uniq_erica
Lair:1:   layout_cave_pods, infiniplex_staircase_pool, uniq_sonja,
          uniq_nergalle, uniq_harold
Lair:2:   layout_chaotic_city, skrybe_swamp_entry_bodies,
          ebering_ghost_rock_garden, serial_bayou_shore_b, grunt_megastairs_4,
          serial_bayou_shore_b
Lair:3:   layout_long_grid, nicolae_spider_entry_lesser_pyramids,
          kennysheep_basilisk_garden, serial_bayou_shore_a, grunt_megastairs_1

Skill      XL: |  1  2  3  4  5  6  7  8  9 10 11 12 |
---------------+-------------------------------------+-----
Axes           | 2 3 5 6 7 8 9 10 11 12 | 12.8
Fighting       | 4 5 7 8 9 10 | 10.2
Armour         | 4 5 7 8 9 10 | 10.0
Invocations    | 1 4 8 10 | 10.0
Dodging        | 1 2 |  2.0
Throwing       | 1 |  1.9
Shields        | 4 5 6 |  6.0

Action                     |  1- 3 |  4- 6 |  7- 9 | 10-12 || total
---------------------------+-------+-------+-------+-------++-------
  Melee: War axe           |    73 |    80 |   213 |   500 ||   866
  Throw: Boomerang         |       |    30 |    71 |   110 ||   211
 Invoke: Heroism           |       |       |    11 |    19 ||    30
         Finesse           |       |       |       |     2 ||     2
    Use: Scroll            |     1 |    11 |     6 |     8 ||    26
         Potion            |       |     2 |     1 |     4 ||     7
 Armour: Scale mail        |    23 |       |       |       ||    23
         Chain mail        |       |    18 |       |       ||    18
         Plate armour      |       |    28 |   140 |   373 ||   541
  Dodge: Dodged            |    25 |    23 |    60 |   166 ||   274
  Block: Buckler           |    14 |     5 |    42 |   125 ||   186

Table legend:
 A = Non-vault XP
 B = Vault XP
 C = Vault XP percentage of total XP
 D = Non-vault monster count
 E = Vault monster count
 F = Vault count percentage of total count
                 A         B        C        D         E       F
            +---------+---------+-------+---------+---------+-------
      Total |   20048 |   11471 |  36.4 |     213 |      68 |  24.2
            +---------+---------+-------+---------+---------+-------
        D:1 |      45 |      38 |  45.8 |      26 |       1 |   3.7
        D:2 |      50 |     223 |  81.7 |      13 |       1 |   7.1
        D:3 |     217 |       0 |   0.0 |      25 |       0 |   0.0
        D:4 |     306 |     207 |  40.4 |      14 |       2 |  12.5
        D:5 |     698 |     188 |  21.2 |      10 |       1 |   9.1
        D:6 |     826 |     692 |  45.6 |      21 |       7 |  25.0
        D:7 |    1133 |       6 |   0.5 |      18 |       4 |  18.2
        D:8 |    2091 |    1197 |  36.4 |      29 |       3 |   9.4
     Lair:1 |    8648 |    2453 |  22.1 |      29 |       3 |   9.4
     Lair:2 |    4225 |    3389 |  44.5 |      23 |       8 |  25.8
     Lair:3 |    1809 |    1815 |  50.1 |       5 |       6 |  54.5
    Ossuary |       0 |    1263 | 100.0 |       0 |      32 | 100.0
            +---------+---------+-------+---------+---------+-------
